 Dungeon Crawl Stone Soup version 0.23.2-1-ga50397a6bc (webtiles) character file.

Game seed: 3245115646595281261

143 MisterOstroum the Sneak (level 5, -5/30 HPs)
             Began as a Kobold Assassin on Apr 28, 2019.
             Killed by divine providence
             ... invoked by an orc priest
              (11 damage)
             ... on level 3 of the Dungeon.
             The game lasted 00:08:27 (3391 turns).

MisterOstroum the Sneak (Kobold Assassin)           Turns: 3391, Time: 00:08:27

Health: -5/30      AC:  4    Str:  8    XL:     5   Next: 50%
Magic:  5/5        EV: 13    Int: 13    God:
Gold:   110        SH:  0    Dex: 17    Spells: 4/4 levels left

rFire    . . .     SeeInvis .   a - +2 dagger
rCold    + . .     Gourm    .   (shield restricted)
rNeg     . . .     Faith    .   m - +0 leather armour {rC+}
rPois    .         Spirit   .   (no helmet)
rElec    .         Reflect  .   d - +0 cloak
rCorr    .         Harm     .   (no gloves)
MR       .....                  (no boots)
Stlth    +++.......             (no amulet)
HPRegen  0.10/turn              (no ring)
MPRegen  0.09/turn              (no ring)

@: no status effects
A: small, carnivore
a: no special abilities


You were on level 3 of the Dungeon.
You were completely stuffed.

You visited 1 branch of the dungeon, and saw 3 of its levels.

You collected 110 gold pieces.

Inventory:

Hand Weapons
 a - a +2 dagger (weapon)
 b - a +0 blowgun
 p - a +0 morningstar
Missiles
 f - 4 tomahawks
 g - 6 poisoned needles
 j - 31 stones (quivered)
Armour
 c - a +0 robe
 d - a +0 cloak (worn)
 m - a +0 leather armour of cold resistance (worn)
Jewellery
 n - an uncursed ring of poison resistance {unknown}
Scrolls
 l - 4 scrolls of identify {unknown}
 o - a scroll of blinking {unknown}
 r - a scroll of teleportation {unknown}
Potions
 h - a potion of heal wounds {unknown}
 i - a potion of flight {unknown}
 q - a potion of haste {unknown}
Comestibles
 e - 3 rations
 k - a chunk of flesh


   Skills:
 - Level 2.1 Fighting
 + Level 5.3 Short Blades
 + Level 4.3 Throwing
 - Level 1.2 Dodging
 - Level 5.3 Stealth


You had 4 spell levels left.
You didn't know any spells.
Your spell library was empty.

Dungeon Overview and Level Annotations

Branches:
Dungeon (3/15)

Altars:


Innate Abilities, Weirdness & Mutations

You are small and have problems with some larger weapons.
You are carnivorous and can eat meat at any time.


Message History

Throwing (i - inventory. (/) - cycle)
j - 31 stones (quivered)
Press: ? - help, Shift-Dir - straight line, f - you Really target yourself? [Y]es or [N]o only, please.
Really target yourself? [Y]es or [N]o only, please.
Really target yourself? [Y]es or [N]o only, please.
Really target yourself? [Y]es or [N]o only, please.
Really target yourself? [Y]es or [N]o only, please.
Really target yourself? [Y]es or [N]o only, please.
Really target yourself? [Y]es or [N]o only, please.
Really target yourself? [Y]es or [N]o only, please.
Really target yourself? [Y]es or [N]o only, please.
Really target yourself? [Y]es or [N]o only, please.
Really target yourself? [Y]es or [N]o only, please.
Really target yourself? [Y]es or [N]o only, please.
Really target yourself?
Okay, then.
There is an open door here.
An orc comes into view. It is wielding a +0 hand axe.
You see here a stone.
A jackal comes into view.
An orc comes into view.
A jackal comes into view.
The orc shouts!
You hear a shout!
The orc barely misses you.
The jackal barks!
You hit the orc.
The orc is lightly wounded.
You hear a shout! x2
You closely miss the orc.
The orc is lightly wounded.
The orc hits you but does no damage.
You hit the orc.
The orc is severely wounded.
An orc priest comes into view. It is wielding a +0 club.
The orc barely misses you.
The orc priest shouts!
You hit the orc.
You kill the orc!
You hit the jackal.
The jackal is lightly wounded.
The jackal bites you but does no damage.
An orc comes into view.
You barely miss the jackal.
The jackal is lightly wounded.
The jackal closely misses you.
An orc comes into view.
The orc shouts!
You hit the jackal.
The jackal is heavily wounded.
The jackal misses you.
An orc priest comes into view.
You barely miss the jackal.
The jackal is heavily wounded.
The jackal completely misses you. The orc hits you but does no damage.
You hit the jackal.
You kill the jackal!
The jackal bites you.
You hit the jackal.
You kill the jackal!
The orc hits you.
You hit the orc.
You kill the orc!
You hit the orc priest but do no damage.
The orc priest hits you with a +0 club.
You are too injured to fight recklessly!
You are too injured to fight recklessly!
You are too injured to fight recklessly!
You are too injured to fight recklessly!
You are too injured to fight recklessly!
You are too injured to fight recklessly!
You are too injured to fight recklessly!
You are too injured to fight recklessly!
You are too injured to fight recklessly!
You are too injured to fight recklessly!
You are too injured to fight recklessly!
You are too injured to fight recklessly!
The orc priest hits you with a +0 club.
The orc priest mumbles some strange prayers to Beogh against you.
Beogh smites you!
* * * LOW HITPOINT WARNING * * *
There is an open door here.
You close the door.
An orc priest opens the door.
The orc priest begins to cast a cantrip, but forgets the words!
The orc priest looks encouraged for a moment.
The orc hits you.
* * * LOW HITPOINT WARNING * * *
The orc priest calls down the wrath of Beogh upon you.
Beogh smites you!
You die...

#.# #.# #)# #.# #.# #.#
########.##
###....รท....##
######..oo..o.@.>.#####
#........o##.#.).......
#.####.#o.##.##.#######
#.# #.....##.##.# #.#
#..##.##.##.#
#o###........##'##
#.........####...##
######.######.....##
##..# ##...(...##


You could see 2 orc priests and 2 orcs.

Vanquished Creatures
  Terence (D:2)
  3 gnolls (D:2)
  A dart slug (D:1)
  2 leopard geckos
  5 orcs (D:3)
  7 bats
  3 giant cockroaches
  6 goblins
  13 hobgoblins
  14 jackals
  2 quokkas
  5 frilled lizards
  6 kobolds
  3 rats
71 creatures vanquished.

Notes
Turn   | Place    | Note
-------+----------+-------------------------------------------
     0 | D:1      | MisterOstroum the Kobold Assassin began the quest for the
                  | Orb.
     0 | D:1      | Reached XP level 1. HP: 12/12 MP: 1/1
    83 | D:1      | Reached XP level 2. HP: 13/17 MP: 2/2
   358 | D:1      | Reached XP level 3. HP: 14/21 MP: 3/3
  1176 | D:2      | Noticed Terence
  1433 | D:2      | Found a faded altar of an unknown god.
  1601 | D:2      | Reached XP level 4. HP: 25/26 MP: 4/4
  1635 | D:2      | Killed Terence
  2124 | D:2      | Reached XP level 5. HP: 28/30 MP: 5/5
  2393 | D:2      | Reached skill level 5 in Short Blades
  3391 | D:3      | Killed from afar by an orc priest

Skill      XL: |  1  2  3  4  5 |
---------------+----------------+-----
Short Blades   | 3 4 5 |  5.3
Throwing       | 3 4 |  4.3
Fighting       | |  2.1
Dodging        | |  1.2
Stealth        | |  5.3

Action                   |  1- 3 |  4- 6 || total
-------------------------+-------+-------++-------
Melee: Dagger            |   159 |   103 ||   262
 Fire: Blowgun           |     1 |    24 ||    25
Throw: Stone             |     7 |     7 ||    14
 Stab: Sleeping          |     6 |     4 ||    10
       Distracted        |     1 |       ||     1
  Eat: Chunk             |    11 |     5 ||    16
Armor: Robe              |     8 |       ||     8
       Leather armour    |    31 |    14 ||    45
Dodge: Dodged            |   107 |    68 ||   175
